 Dungeon Crawl Stone Soup version 0.26.1-11-gd32895ea62 (webtiles) character file.

Game seed: 12432667145627802089

35 Almogavar the Conjurer (level 3, 0/19 HPs)
             Began as a Kobold Conjurer on July 13, 2021.
             Slain by a dart slug (1 damage)
             ... on level 3 of the Dungeon.
             The game lasted 00:03:48 (1647 turns).

Almogavar the Conjurer (Kobold Conjurer)            Turns: 1647, Time: 00:03:49

Health: 0/19       AC:  2    Str:  4    XL:     3   Next: 52%
Magic:  0/6        EV: 15    Int: 20    God:
Gold:   109        SH:  0    Dex: 13    Spells: 4/7 levels left

rFire    + . .     SeeInvis .   f - +0 dagger
rCold    x . .     Faith    .   (shield restricted)
rNeg     . . .     Spirit   .   a - +0 robe
rPois    .         Reflect  .   (no helmet)
rElec    .         Harm     .   (no cloak)
rCorr    .         Rampage  .   (no gloves)
Will     .....                  (no boots)
Stlth    +++.......             j - amulet of regeneration
HPRegen  0.46/turn              e - ring of wizardry
MPRegen  0.10/turn              k - ring of fire

@: no status effects
A: small, nightstalker 3
a: no special abilities


You were on level 3 of the Dungeon.
You visited 1 branch of the dungeon, and saw 3 of its levels.

You collected 109 gold pieces.

Inventory:

Hand Weapons
 f - a +0 dagger (weapon)
Armour
 a - a +0 robe (worn)
 g - a +0 leather armour
Jewellery
 e - a ring of wizardry (left hand)
 j - an amulet of regeneration (around neck)
 k - a ring of fire (right hand)
Scrolls
 c - a scroll of random uselessness {unknown}
 h - a scroll of teleportation
 i - 2 scrolls of identify {unknown}
Potions
 b - a potion of heal wounds {unknown}
 d - a potion of haste {unknown}
 m - a potion of curing {unknown}
 n - a potion of mutation {unknown}


   Skills:
 + Level 2.5 Dodging
 + Level 3.1 Stealth
 + Level 2.5 Spellcasting
 + Level 4.7 Conjurations


You had 4 spell levels left.
You knew the following spells:

 Your Spells              Type           Power        Failure   Level
a - Magic Dart            Conj           84%          1%          1
b - Searing Ray           Conj           42%          1%          2

Your spell library contained the following spells:

 Spells                   Type           Power        Failure   Level
 Dazzling Flash           Conj/Hex       24%          7%          3
 Fulminant Prism          Conj/Hex       6%           22%         4
 Iskenderun's Mystic Bla  Conj/Tloc      12%          22%         4


Dungeon Overview and Level Annotations

Branches:
Dungeon (3/15)

Altars:
Hepliaklqana


Innate Abilities, Weirdness & Mutations

You are small and have problems with some larger weapons.
You are completely attuned to the shadows.


Message History

The giant cockroach bites you but does no damage.
The kobold hits you with a +0 dagger.
Unknown command.
You barely miss the giant cockroach.
The giant cockroach is almost dead.
The giant cockroach bites you but does no damage.
The dart slug launches a dart at you. The slug dart hits you!
* * * LOW HITPOINT WARNING * * *
The kobold closely misses you.
Casting: Magic Dart (safe; 1% risk of failure)
Confirm with . or Enter, or press ? or * to list all spells.
Aiming: Searing Ray (safe; 1% risk of failure)
Press: ? - help, Shift-Dir - straight line, f/p - kobold
Aim: a kobold, wielding a +0 dagger (28% to evade)
The searing ray misses the kobold. (Press . to maintain the ray.)
The giant cockroach barely misses you. The kobold barely misses you.
The dart slug bites you.
You die...

.........
.........
........
....Kw#
....@B#
....((#
......#
......#
......#
......#
.....#


You could see a dart slug, a giant cockroach and a kobold.

Vanquished Creatures
  An adder (D:2)
  2 worms
  3 dart slugs (D:1)
  A hobgoblin (D:1)
  4 kobolds (D:1)
  2 bats
  A frilled lizard (D:1)
  A goblin (D:2)
  3 rats
18 creatures vanquished.

Notes
Turn   | Place    | Note
-------+----------+-------------------------------------------
     0 | D:1      | Almogavar the Kobold Conjurer began the quest for the Orb.
     0 | D:1      | Reached XP level 1. HP: 10/10 MP: 3/3
   285 | D:1      | Reached XP level 2. HP: 15/15 MP: 0/5
   522 | D:1      | Learned a level 2 spell: Searing Ray
   847 | D:2      | Found a hazy altar of Hepliaklqana.
   901 | D:2      | Reached XP level 3. HP: 19/19 MP: 1/6
  1647 | D:3      | Slain by a dart slug

Illustrated notes

Levels and vault maps discovered:
D:1:      dpeg_arrival_castle, layout_basic
D:2:      layout_basic, lemuel_crystal_altar
D:3:      layout_basic, lemuel_coloured_pillars_altar, okawaru_gym_becter,
          portal_sewer_entry_e, makhleb_heckhound_becter

Skill      XL: |  1  2  3 |
---------------+----------+-----
Stealth        | 3 |  3.1
Dodging        | |  2.5
Spellcasting   | |  2.5
Conjurations   | |  4.7

Action                   || total
-------------------------++-------
Melee: Dagger            ||    31
 Cast: Magic Dart        ||    14
       Searing Ray       ||     7
  Use: Scroll            ||     3
 Stab: Sleeping          ||     8
Armor: Robe              ||    15
Dodge: Dodged            ||    36
